 Dungeon Crawl Stone Soup version 0.25-a0-697-g890751e (webtiles) character file.

Game seed: 2197120668990629400, levelgen mode: deterministic

3095 BlueFish the Grappler (level 9, -2/85 HPs)
             Began as a Troll Monk on Apr 1, 2020.
             Slain by Duvessa
             ... wielding a +0 short sword
              (6 damage)
             ... on level 7 of the Dungeon.
             The game lasted 00:11:16 (5464 turns).

BlueFish the Grappler (Troll Monk)                  Turns: 5464, Time: 00:11:17

Health: -2/85      AC:  7    Str: 24    XL:     9   Next: 59%
Magic:  8/8        EV: 12    Int: 10    God:
Gold:   463        SH:  0    Dex: 12    Spells: 8/8 levels left

rFire    + + +     SeeInvis .     - Unarmed
rCold    + + +     Gourm    +   (no shield)
rNeg     . . .     Faith    .   q - +1 robe {Archmagi}
rPois    +         Spirit   .   (helmet restricted)
rElec    +         Reflect  .   v - scarf {rC+ rF+}
rCorr    +         Harm     .   (gloves unavailable)
MR       .....                  (boots unavailable)
Stlth    +++.......             (no amulet)
HPRegen  0.64/turn              r - ring of the Seven Runes {rF+ rC+ Int+4 Stlth+}
MPRegen  0.11/turn              i - ring of poison resistance

@: lethally poisoned (-2 -> -2), resistant, berserk cooldown, very slightly
contaminated, hasted and slowed
A: large, unfitting armour, claws 3, fast metabolism 3, gourmand, regeneration
1, shaggy fur 1, tough skin 3
a: no special abilities


You were on level 7 of the Dungeon.
You were not hungry.

You visited 1 branch of the dungeon, and saw 7 of its levels.
You also visited: Ossuary.

You collected 463 gold pieces.

Inventory:

Armour
 q - a +1 robe of the Archmagi (worn)
 v - a scarf of resistance (worn)
Jewellery
 d - an uncursed ring of positive energy
 i - a ring of poison resistance (right claw)
 r - the ring of the Seven Runes (left claw) {rF+ rC+ Int+4 Stlth+}
   (You took it off an orc on level 4 of the Dungeon)

   [ring of protection from fire]

   It affects your intelligence (+4).
   It protects you from fire.
   It protects you from cold.
   It makes you more stealthy.
Scrolls
 a - 2 scrolls of fog {unknown}
 g - a scroll of magic mapping
 j - a scroll of teleportation
 n - 4 scrolls of remove curse
 p - a scroll of enchant weapon
 s - 2 scrolls of enchant armour
 t - a scroll of summoning {unknown}
 w - a scroll of fear {unknown}
 y - a scroll of random uselessness {unknown}
Potions
 c - 4 potions of resistance
 e - 3 potions of curing
 f - a potion of berserk rage
 h - 3 potions of might
 k - 5 potions of magic
 o - 2 potions of brilliance
 u - a potion of flight {unknown}
 x - a potion of mutation {unknown}
 z - 2 potions of lignification {unknown}
 B - a potion of ambrosia {unknown}
Comestibles
 b - 12 rations


   Skills:
 * Level 4.6 Fighting
 * Level 5.0 Dodging
 + Level 2.6 Stealth
 * Level 11.0 Unarmed Combat


You had 8 spell levels left.
You didn't know any spells.
Your spell library contained the following spells:

 Spells                   Type           Power        Failure   Level  Hunger
 Magic Dart               Conj           #...         36%         1    ##.....
 Searing Ray              Conj           #.....       50%         2    ###....
 Dazzling Flash           Conj/Hex       #.....       75%         3    ####...
 Fulminant Prism          Conj/Hex       #.........   98%         4    #####..
 Iskenderun's Mystic Bla  Conj/Tloc      #.......     98%         4    #####..


Dungeon Overview and Level Annotations

Branches:
Dungeon (7/15)             Temple (0/1) D:7         Ossuary (visited)

Altars:
Cheibriados

Annotations:
D:7 Dowan, Duvessa


Innate Abilities, Weirdness & Mutations

You are too large for most types of armour.
You have claws for hands.
Your metabolism is lightning-fast.
You like to eat raw meat.
Your natural rate of healing is unusually fast.
You are covered in fur. (AC +1)
You have extremely tough skin. (AC +3)


Message History

You mangle the killer bee!!
You kill the killer bee!
Your Unarmed Combat skill increases to level 11!
Duvessa hits you with a +0 short sword!
* * * LOW HITPOINT WARNING * * *
You scratch Duvessa.
Duvessa is moderately wounded.
Duvessa hits you with a +0 short sword.
* * * LOW HITPOINT WARNING * * *
You mangle Duvessa!!
Duvessa is severely wounded.
Duvessa hits you with a +0 short sword.
* * * LOW HITPOINT WARNING * * *
You barely miss Duvessa.
Duvessa is severely wounded.
You feel sick. Duvessa hits you with a +0 short sword.
* * * LOW HITPOINT WARNING * * *
You feel protected. Duvessa hits you with a +0 short sword.
You die...

#..###........[..
....#............#
................ ?.
#...†........##..
#$.#........#..
##†##......... #
...###...........# .#
............†...(# .#
...#.......@e...(###.##
.
#......).(.....#...#...
#...........e..........
................<..####
.....###########.....#
..... ###.a..... #....
#...... #. ......
..#.#.


You could see Duvessa and Dowan.

Vanquished Creatures
  A two-headed ogre (D:5)
  A vampire (D:4)
  An ice beast (D:6)
  A sky beast (D:6)
  An ogre (D:6)
  2 centaurs
  Blork the orc (D:6)
  2 bullfrogs
  2 scorpions
  9 killer bees
  A crimson imp (D:7)
  A bullfrog zombie (D:2)
  4 centaur zombies
  A quasit (D:6)
  2 jellies
  2 centaur skeletons
  A bullfrog skeleton (D:4)
  3 orc priests
  3 iguanas (D:4)
  7 worker ants
  3 orc wizards
  A big kobold zombie (Ossuary)
  2 hound zombies
  A hound skeleton (D:4)
  2 mummies (Ossuary)
  7 gnolls
  A howler monkey skeleton (D:4)
  13 adders
  2 adder zombies
  8 worms
  A dart slug (D:3)
  4 leopard geckos
  13 orcs
  3 bats
  12 giant cockroaches
  8 hobgoblins
  3 jackals (D:4)
  A quokka (D:4)
  2 frilled lizards
  9 goblins
  2 goblin zombies (Ossuary)
  11 kobolds
  A kobold zombie (Ossuary)
  A leopard gecko skeleton (D:6)
  An orc zombie (Ossuary)
  A quokka zombie (D:5)
  12 rats
171 creatures vanquished.

Notes
Turn   | Place    | Note
-------+----------+-------------------------------------------
     0 | D:1      | BlueFish the Troll Monk began the quest for the Orb.
     0 | D:1      | Reached XP level 1. HP: 22/22 MP: 0/0
   117 | D:1      | Reached XP level 2. HP: 29/29 MP: 1/1
   712 | D:2      | Reached XP level 3. HP: 36/36 MP: 2/2
   873 | D:2      | Reached skill level 4 in Unarmed Combat
   938 | D:2      | Reached XP level 4. HP: 44/44 MP: 3/3
  1382 | D:3      | Reached XP level 5. HP: 53/53 MP: 4/4
  1470 | D:3      | Reached skill level 5 in Unarmed Combat
  1546 | D:3      | Found a snail-covered altar of Cheibriados,
  1821 | D:3      | Reached XP level 6. HP: 52/61 MP: 5/5
  2444 | D:4      | Reached skill level 6 in Unarmed Combat
  2867 | D:4      | Identified the ring of the Seven Runes {rF+ rC+ Int+4
                  | Stlth+}
  2952 | D:4      | Noticed a vampire
  3089 | D:4      | Reached XP level 7. HP: 67/67 MP: 6/6
  3225 | D:4      | Reached skill level 7 in Unarmed Combat
  3268 | D:4      | Killed a vampire
  3462 | D:5      | Entered Level 5 of the Dungeon
  3569 | D:5      | Noticed a two-headed ogre
  3626 | D:5      | Killed a two-headed ogre
  3626 | D:5      | Reached skill level 9 in Unarmed Combat
  3626 | D:5      | Reached XP level 8. HP: 51/78 MP: 7/7
  4229 | D:5      | Got a slimy flail
  4487 | D:6      | Noticed Blork the orc
  4498 | D:6      | Killed Blork the orc
  4498 | D:6      | Reached XP level 9. HP: 72/84 MP: 8/8
  4516 | D:6      | Reached skill level 10 in Unarmed Combat
  5107 | D:7      | Found a staircase to the Ecumenical Temple,
  5128 | D:7      | Noticed Dowan
  5141 | D:7      | Noticed Duvessa
  5189 | D:7      | Found a sand-covered staircase,
  5197 | Ossuary  | Entered an ossuary
  5443 | D:7      | Reached skill level 5 in Dodging
  5460 | D:7      | Reached skill level 11 in Unarmed Combat
  5463 | D:7      | HP: 4/85 [poisoned by a killer bee]
  5464 | D:7      | Slain by Duvessa

Levels and vault maps discovered:
D:1:      giann_horns, layout_loops_ring
D:2:      layout_loops_ring, minmay_unequal
D:3:      layout_basic, cheibriados_altar_1
D:4:      layout_cave_pods, minmay_divided_ellipse
D:5:      minmay_clustersquares, layout_basic, first_ration
D:6:      layout_loops_ring, uniq_blork_the_orc
D:7:      layout_cave_pools, minmay_temple_entry_from_below_a, enter_ossuary_3,
          basic_altar, fedhas_altar_4, uniq_duvessa

Skill      XL: |  1  2  3  4  5  6  7  8  9 |
---------------+----------------------------+-----
Unarmed Combat | 4 5 6 9 11 | 11.0
Fighting       | 3 4 |  4.6
Dodging        | 3 4 5 |  5.0
Stealth        | 2 |  2.6

Action                   |  1- 3 |  4- 6 |  7- 9 || total
-------------------------+-------+-------+-------++-------
Melee: Unarmed           |    92 |   180 |   228 ||   500
       Punch             |     1 |     5 |    11 ||    17
  Use: Scroll            |       |    13 |     5 ||    18
       Potion            |       |       |     8 ||     8
 Stab: Sleeping          |       |     4 |     9 ||    13
       Invisible         |       |       |     4 ||     4
  Eat: Chunk             |    14 |    20 |    17 ||    51
Armor: Robe              |    37 |    79 |    68 ||   184
Dodge: Dodged            |    33 |   113 |   130 ||   276

Table legend:
 A = Non-vault XP
 B = Vault XP
 C = Vault XP percentage of total XP
 D = Non-vault monster count
 E = Vault monster count
 F = Vault count percentage of total count
                 A         B        C        D         E       F
            +---------+---------+-------+---------+---------+-------
      Total |    2618 |    1804 |  40.8 |     143 |      28 |  16.4
            +---------+---------+-------+---------+---------+-------
        D:1 |      30 |       0 |   0.0 |      20 |       0 |   0.0
        D:2 |     134 |      17 |  11.3 |      29 |       3 |   9.4
        D:3 |     224 |       0 |   0.0 |      29 |       0 |   0.0
        D:4 |     343 |     494 |  59.0 |      23 |       9 |  28.1
        D:5 |     192 |     990 |  83.8 |       8 |       5 |  38.5
        D:6 |    1011 |      94 |   8.5 |      23 |       1 |   4.2
        D:7 |     684 |       0 |   0.0 |      11 |       0 |   0.0
    Ossuary |       0 |     209 | 100.0 |       0 |      10 | 100.0
            +---------+---------+-------+---------+---------+-------
